 Dungeon Crawl Stone Soup version 0.24-a0-434-gd57e52fea8 (webtiles) character file.

Game seed: 16571252196751030277

100 theanonym the Grave Robber (level 4, -1/30 HPs)
             Began as a Mummy Necromancer on June 15, 2019.
             Blown up by Ijyb (15 damage)
             ... with a disintegration bolt
             ... on level 2 of the Dungeon.
             The game lasted 00:03:19 (2060 turns).

theanonym the Grave Robber (Mummy Necromancer)      Turns: 2060, Time: 00:03:20

Health: -1/30      AC:  2    Str: 11    XL:     4   Next: 47%
Magic:  1/10       EV: 12    Int: 15    God:
Gold:   103        SH:  0    Dex: 12    Spells: 3/12 levels left

rFire    x . .     SeeInvis .   c - +0 whip
rCold    + . .     Gourm    .   (no shield)
rNeg     + + +     Faith    .   a - +0 robe
rPois    ∞         Spirit   .   (no helmet)
rElec    .         Reflect  .   (no cloak)
rCorr    .         Harm     .   (no gloves)
MR       .....                  (no boots)
Stlth    ++........             (no amulet)
HPRegen  0.10/turn              (no ring)
MPRegen  0.12/turn              (no ring)

@: no status effects
A: no food or potions, fire vulnerability, cold resistance 1, negative energy
resistance 3, torment resistance, unbreathing
a: no special abilities


Innate Abilities, Weirdness & Mutations

You do not eat or drink.
Your flesh is vulnerable to fire.
You are immune to poison.
Your flesh is cold resistant. (rC+)
You are immune to negative energy. (rN+++)
You are immune to unholy pain and torment.
You can survive without breathing.


   Skills:
 - Level 1.6 Dodging
 - Level 1.6 Stealth
 + Level 4.5 Spellcasting
 + Level 5.0 Necromancy


You had 3 spell levels left.
You knew the following spells:

 Your Spells              Type           Power        Failure   Level  Hunger
a - Pain                  Necr           ###.         2%          1    N/A
b - Animate Dead          Necr           N/A          22%         4    N/A
c - Vampiric Draining     Necr           ###.......   6%          3    N/A
e - Animate Skeleton      Necr           N/A          2%          1    N/A

Your spell library contained the following spells:

 Spells                   Type           Power        Failure   Level  Hunger
 Regeneration             Chrm/Necr      Unusable     N/A         3    N/A

Skill      XL: |  1  2  3  4 |
---------------+-------------+-----
Spellcasting   | 3 4 |  4.5
Necromancy     | 5 |  5.0
Dodging        | |  1.6
Stealth        | |  1.6

Action                   |  1- 3 |  4- 6 || total
-------------------------+-------+-------++-------
Melee: Whip              |    12 |    11 ||    23
 Cast: Pain              |    68 |    32 ||   100
       Animate Skeleton  |     6 |     3 ||     9
       Vampiric Draining |       |     1 ||     1
Armor: Robe              |     4 |    10 ||    14
Dodge: Dodged            |    12 |    12 ||    24

Inventory:

Hand Weapons
 c - a +0 whip (weapon)
Armour
 a - a +0 robe (worn)
 f - a +0 shield
Scrolls
 b - 4 scrolls of remove curse {unknown}
 d - 3 scrolls of identify {unknown}
 e - a scroll of enchant armour {unknown}
 g - a scroll of magic mapping {unknown}
 h - 2 scrolls of amnesia {unknown}


You were on level 2 of the Dungeon.
You were not hungry.

You visited 1 branch of the dungeon, and saw 3 of its levels.

You collected 103 gold pieces.

Dungeon Overview and Level Annotations

Branches:
Dungeon (3/15)

Altars:
Qazlal
Trog

Annotations:
D:2 Ijyb

# #(...#..## ##......#..##.### #.
# #........###...###.........###.
# #....<...............###.#.....
# #.....##.#..#.####...# #.....##
# ###........##.# #...###..##.# #
##.#..#.####.# #...#..Z###.##
#..#..#......####...#.#.###...
##.##..#.####g...#...#.#.##.... #
#..#.....####.@#.......#.#.....
###.##.##....###g.#....###.......
##..#..###.#.####......####......
##.##.## #.#...##.......##.Z.....
##....####.###......#.......Z....
##......................####.....
##....#####.#......#....# #.....
..##.....##...###!..#...# #.....
...#####..##..###...#...# #.....


You could see Ijyb and a goblin.

Notes
Turn   | Place    | Note
-------+----------+-------------------------------------------
     0 | D:1      | theanonym the Mummy Necromancer began the quest for the
                  | Orb.
     0 | D:1      | Reached XP level 1. HP: 13/13 MP: 4/4
   239 | D:1      | Reached skill level 3 in Spellcasting
   359 | D:1      | Reached XP level 2. HP: 19/19 MP: 0/6
   448 | D:1      | HP: 7/19 [ooze (4)]
   636 | D:1      | Learned a level 1 spell: Animate Skeleton
  1038 | D:2      | Found a stormy altar of Qazlal.
  1041 | D:2      | Reached XP level 3. HP: 24/24 MP: 2/8
  1240 | D:2      | Learned a level 3 spell: Vampiric Draining
  1270 | D:2      | Reached skill level 4 in Spellcasting
  1504 | D:2      | Reached XP level 4. HP: 29/30 MP: 2/10
  1784 | D:2      | Found a stormy altar of Qazlal.
  1819 | D:2      | Reached skill level 5 in Necromancy
  1870 | D:2      | Learned a level 4 spell: Animate Dead
  1980 | D:2      | Found a bloodstained altar of Trog.
  2041 | D:3      | Noticed Ijyb
  2058 | D:3      | HP: 14/30 [goblin (3)]
  2060 | D:2      | Blown up by Ijyb

Vanquished Creatures
  4 adders (D:2)
  An ooze (D:1)
  2 worms (D:2)
  A dart slug (D:1)
  A leopard gecko (D:2)
  A ball python (D:2)
  2 giant cockroaches (D:2)
  4 goblins
  2 hobgoblins (D:2)
  3 kobolds
  5 bats
  3 frilled lizards
  9 rats
38 creatures vanquished.

Vanquished Creatures (collateral kills)
  2 adders (D:2)
2 creatures vanquished.

Grand Total: 40 creatures vanquished

Table legend:
 A = Turns spent in this place as a percentage of turns spent in the entire game.
 B = Non-inter-level travel turns spent in this place as a percentage of non-inter-level travel turns spent in the entire game.
 C = Inter-level travel turns spent in this place as a percentage of turns spent in this place.
 D = Turns resting spent in this place as a percentage of non-inter-level travel turns spent in this place.
 E = Turns spent auto-exploring this place as a percentage of non-inter-level travel turns spent in this place.
 F = Non-inter-level travel turns spent in this place divided by the number of levels of this place that you've seen.
                   A       B       C       D       E      F
               +-------+-------+-------+-------+-------+----------------------
         Total | 100.0 | 100.0 |   1.6 |  45.2 |  41.8 | 676.0
       Dungeon | 100.0 | 100.0 |   1.6 |  45.2 |  41.8 | 676.0
               +-------+-------+-------+-------+-------+----------------------
